 Dungeon Crawl Stone Soup version 0.22-a0-358-g7563fe7 (webtiles) character file.

161984 sankara the Severer (level 17, -16/160 HPs)
             Began as a Hill Orc Fighter on Apr 17, 2018.
             Was the Champion of Makhleb.
             Killed from afar by Nikola (18 damage)
             ... with a zap
             ... on level 1 of the Swamp on Apr 18, 2018.
             The game lasted 01:28:27 (24341 turns).

sankara the Severer (Hill Orc Fighter)             Turns: 24341, Time: 01:28:28

Health: -16/160    AC: 26    Str: 24    XL:     17   Next: 80%
Magic:  20/20      EV: 13    Int:  8    God:    Makhleb [******]
Gold:   3064       SH: 14    Dex: 13    Spells: 16/16 levels left

rFire    . . .     SeeInvis +   a - +2 broad axe (elec)
rCold    + . .     Gourm    .   c - +0 shield
rNeg     . . .     Faith    .   C - +2 chain mail {rC+}
rPois    .         Spirit   .   B - +2 helmet
rElec    .         Reflect  .   w - +2 cloak
rCorr    .         Harm     .   y - +0 pair of gloves
MR       +....                  V - +0 pair of boots {Stlth+}
Stlth    ..........             I - amulet of regeneration {+regen, !d}
HPRegen  0.76/turn              r - +3 ring of dexterity
MPRegen  0.17/turn              A - ring of see invisible {sInv, !d}

@: lethally poisoned (-16 -> -39)
A: screaming 1, weak 1
a: Minor Destruction, Lesser Servant of Makhleb, Major Destruction, Greater
Servant of Makhleb, Renounce Religion, Convert to Beogh


You were on level 1 of the Swamp.
You worshipped Makhleb.
Makhleb was exalted by your worship.
You were not hungry.

You visited 5 branches of the dungeon, and saw 25 of its levels.
You also visited: Ice Cave.

You collected 4012 gold pieces.
You spent 948 gold pieces at shops.

Inventory:

Hand Weapons
 a - a +2 broad axe of electrocution (weapon)
   (You took it off Urug on level 1 of the Orcish Mines)
 b - a +1 whip of electrocution
   (You took it off Pikel on level 6 of the Dungeon)
Missiles
 z - 2 throwing nets {=f, !d}
 O - 6 javelins (quivered)
Armour
 c - a +0 shield (worn)
 w - a +2 cloak (worn)
   (You found it on level 9 of the Dungeon)
 y - a +0 pair of gloves (worn)
   (You found it on level 11 of the Dungeon)
 B - a +2 helmet (worn)
   (You found it on level 8 of the Dungeon)
 C - a +2 chain mail of cold resistance (worn)
   (You took it off an orc knight on level 2 of the Orcish Mines)
 V - a +0 pair of boots of stealth (worn)
   (You found it in an ice cave)
Jewellery
 r - a +3 ring of dexterity (left hand)
   (You found it on level 2 of the Lair of Beasts)
 A - a ring of see invisible (right hand) {sInv, !d}
   (You found it on level 6 of the Dungeon)
 I - an amulet of regeneration (around neck) {+regen, !d}
   (You found it on level 8 of the Dungeon)
Wands
 g - a wand of flame (52)
   (You found it on level 13 of the Dungeon)
 k - a wand of iceblast (13)
   (You took it off Maurice on level 12 of the Dungeon)
 D - a wand of paralysis (43)
   (You found it on level 8 of the Dungeon)
 R - a wand of random effects (55)
   (You found it on level 2 of the Lair of Beasts)
Scrolls
 h - 5 scrolls of teleportation
 i - a scroll of summoning {unknown}
 l - 4 scrolls of fear
 s - 7 scrolls of remove curse
 u - a scroll of enchant armour {unknown}
 G - 3 scrolls of magic mapping {!r}
 N - 4 scrolls of blinking {!r}
Potions
 d - 3 potions of might
 e - 13 potions of curing
 m - 4 potions of heal wounds
 o - 2 potions of cancellation
 q - 3 potions of haste
 t - 4 potions of berserk rage {!q}
 v - 7 potions of agility
 E - a potion of invisibility
 H - 3 potions of flight
Miscellaneous
 S - a phantom mirror
 W - a box of beasts
Comestibles
 f - 48 rations


   Skills:
 + Level 16.7 Fighting
 - Level 18.0 Axes
 - Level 15.0 Armour
 + Level 9.3 Dodging
 - Level 15.4 Shields
 - Level 5.1 Invocations


You had 16 spell levels left.
You didn't know any spells.

Dungeon Overview and Level Annotations

Branches:
Dungeon (15/15) Temple (1/1) D:4 Lair (6/6) D:11 Swamp (1/4) Lair:2 Snake (0/4) Lair:2 Slime (0/5) Lair:5 Orc (2/2) D:11 Elf (0/3) Orc:2 Vaults (0/5) D:12 D:13 Depths (0/5) D:15

Altars:
Ashenzari
Cheibriados
Dithmenos
Elyvilon
Fedhas
Gozag
Hepliaklqana
Kikubaaqudgha
Makhleb
Nemelex Xobeh
Okawaru
Qazlal
Ru
Sif Muna
Trog
Uskayaw
Vehumet
Wu Jian
Xom
Yredelemnul
Zin
The Shining One
Beogh

Shops:
D:11 (   D:14 %   Orc:2 *(:[

Annotations:
D:7 1 runed door
Lair:3 1 exclusion
Swamp:1 Nikola


Innate Abilities, Weirdness & Mutations

You occasionally shout uncontrollably at your foes.
You are weak. (Str -2)


Message History

You feel extremely sick. The green very ugly thing claws you.
There is a staircase back to the Lair, spattered with blood here.
You slice the green very ugly thing!!
The green very ugly thing is moderately wounded.
You hit the slime creature.
You feel very sick.
The slime creature hits you but does no damage.
You slice the green very ugly thing!!
The green very ugly thing is heavily wounded.
You hit the slime creature.
You feel very sick. The green very ugly thing claws you.
The orc high priest mumbles some strange prayers to Beogh against you.
Beogh smites you!
You barely miss the green very ugly thing.
The green very ugly thing is heavily wounded.
You slash the slime creature!
Lightning courses through the slime creature!
You feel very sick.
The orc high priest shouts, "Surrender to Beogh and we'll let you live!"
The slime creature closely misses you. The green very ugly thing claws you.
You slice the green very ugly thing!!
The green very ugly thing is severely wounded.
Your chain mail prevents you from hitting the slime creature.
You feel very sick.
The slime creature hits you but does no damage.
The green very ugly thing claws you but does no damage.
All of the chunks of flesh in your inventory have rotted away.
You slash the slime creature!
The slime creature is almost dead.
You closely miss the green very ugly thing.
You slice the orc high priest!!
You feel very sick.
The orc high priest mumbles some strange prayers to Beogh.
Your chain mail prevents you from hitting the slime creature.
The slime creature is almost dead.
You slash the green very ugly thing!
Lightning courses through the green very ugly thing!
You completely miss the orc high priest.
You feel very sick. You block the slime creature's attack.
The green very ugly thing claws you.
The orc high priest shouts, "Join the one true god or die!"
The orc high priest threatens, "By the altar or by the axe, you will meet Beogh!"
You hit the slime creature.
The slime creature is almost dead.
You hit the orc high priest. You slice Nikola!!
Lightning courses through Nikola! You slash the green very ugly thing!
Lightning courses through the green very ugly thing!
You kill the green very ugly thing!
Makhleb accepts your kill.
You feel very sick.
The orc high priest hits you but does no damage.
The slime creature hits you but does no damage.
You hit the slime creature.
You kill the slime creature!
Makhleb accepts your kill.
You feel better.
The orc high priest shouts, "Surrender to Beogh and we'll let you live!"
You slash the neqoxec! You completely miss Nikola.
You slash the orc high priest!
You feel very sick. You block Nikola's attack.
The orc high priest hits you but does no damage.
The neqoxec hits you but does no damage.
You slash the neqoxec!
The neqoxec is heavily wounded.
You slash Nikola! Lightning courses through Nikola!
You hit the orc high priest.
You feel sick.
Nikola casts a spell.
You hear a mighty clap of thunder!
The lightning arc hits you!
The lightning arc hits the neqoxec.
The neqoxec dies!
The lightning arc hits you!
The lightning arc hits Nikola.
The lightning arc hits you!
* * * LOW HITPOINT WARNING * * *
The lightning arc hits Nikola.
The lightning arc hits you!
* * * LOW HITPOINT WARNING * * *
You hear a croak.
You closely miss the orc high priest.
The orc high priest is heavily wounded.
You closely miss Nikola.
* * * LOW HITPOINT WARNING * * *
You feel very sick.
The orc high priest hits you but does no damage.
You closely miss the orc high priest.
The orc high priest is heavily wounded.
You slash Nikola! Lightning courses through Nikola!
* * * LOW HITPOINT WARNING * * *
You feel very sick. Nikola gestures at you while chanting.
The bolt of lightning misses you.
A demon appears!
* * * LOW HITPOINT WARNING * * *
You feel very sick.
The orc high priest starts to sing a prayer.
You block the orc high priest's attack.
Nikola points at you and mumbles some strange words.
The zap hits you!
You die...

..♣♣ .♣≈♣ ≈..♣ ≈≈
♣♣..♣♣ §..♣ ..≈
♣♣>...♣♣..≈..
♣♣..♣♣♣..≈...♣.≈≈≈.
≈......≈.≈≈...≈≈≈≈≈
.≈§.≈≈≈≈..o..≈≈≈≈≈[
...≈≈≈..@@.1.≈≈≈≈..
♣..≈≈≈..†††.≈≈≈≈§≈.
..≈≈≈≈............≈
.≈≈≈≈≈≈≈≈≈≈§...♣♣..
.≈≈≈≈≈≈≈≈≈≈.....♣
....≈≈≈≈≈≈♣♣.....♣
≈.≈≈≈≈≈≈≈§♣ .≈≈≈..≈
.≈≈≈≈≈≈≈§. .≈≈...♣
..≈≈....≈≈ ......♣


You could see Nikola, an orc high priest and a friendly Executioner.

Vanquished Creatures
  Rupert (Lair:5)
  Gastronok (Lair:1)
  Kirke (Lair:2)
  An orc warlord (Orc:2)
  The ghost of Nattefrost the Spear-Bearer, a journeyman FoFi of Gozag (Lair:6)
  A very ugly thing (Swamp:1)
  Nessos (D:13)
  The ghost of zero the Unseen, a journeyman SpEn of Dithmenos (Orc:2)
  Snorg (Lair:5)
  An ettin (Orc:2)
  Josephine (D:12)
  4 catoblepae
  Harold (D:12)
  4 hydras
  A ghost crab (Lair:2)
  7 centaur warriors
  3 alligators (Lair:2)
  11 two-headed ogres
  13 death yaks
  2 tengu warriors
  2 orc high priests (Orc:2)
  5 unseen horrors
  13 slime creatures
  A spriggan druid (Lair:2)
  A swamp dragon (Swamp:1)
  2 wizards
  A shambling mangrove (Lair:2)
  A wolf spider zombie (D:14)
  Pikel (D:6)
  2 deep elf magi
  A necromancer (D:15)
  6 orc knights
  An oklob plant (Lair:6)
  4 orc sorcerers
  4 ugly things
  5 cyclopes
  5 manticores
  10 elephants
  A naga mage (D:15)
  2 ice statues (IceCv)
  3 black mambas (Lair:6)
  A komodo dragon (Lair:3)
  6 spiny frogs
  3 yaktaurs (D:15)
  7 ice devils (IceCv)
  A redback zombie (D:15)
  A tengu conjurer (D:13)
  2 efreet
  5 meliai
  7 trolls
  2 tyrant leeches
  7 hornets
  17 blink frogs
  2 dream sheep (D:12)
  11 hippogriffs
  A meliai zombie (D:15)
  12 spriggans (Lair:3)
  A shadow (D:13)
  A water elemental (D:15)
  41 yaks
  2 vampires
  16 humans
  A yak (shapeshifter) (D:14)
  2 wyverns
  A basilisk (D:14)
  5 wraiths (D:12)
  15 vampire mosquitoes
  2 hogs (Lair:2)
  2 wargs
  A swamp worm (Lair:2)
  A harpy simulacrum (D:15)
  4 insubstantial wisps
  8 water moccasins
  An acid dragon (D:15)
  6 porcupines
  2 sky beasts
  4 black bears
  2 slaves (D:6)
  28 orc warriors
  A hornet zombie (D:11)
  2 swamp drakes
  3 boggarts (Lair:3)
  6 eyes of draining
  A necrophage (D:13)
  7 ice beasts
  14 ogres
  A boggart (shapeshifter) (D:14)
  15 centaurs
  12 wolves
  11 crocodiles
  2 big kobolds (D:10)
  27 bullfrogs
  2 wyvern skeletons
  3 scorpions
  9 killer bees
  3 wights (D:11)
  2 electric eels
  6 howler monkeys
  9 crimson imps
  2 centaur zombies
  3 bullfrog zombies
  A quasit (D:11)
  A bullfrog skeleton (D:5)
  8 hounds
  9 orc priests
  5 centaur skeletons
  9 orc wizards
  3 iguanas
  5 hell rats
  15 worker ants
  A hound zombie (D:11)
  A hound skeleton (D:7)
  A gnoll (D:9)
  9 adders
  5 river rats (D:8)
  8 shadow imps
  23 white imps
  3 ufetubi (IceCv)
  2 adder skeletons
  An adder zombie (D:5)
  3 worms
  7 leopard geckos
  55 orcs
  10 bats
  10 giant cockroaches
  2 gnoll zombies (D:9)
  9 goblins
  7 hobgoblins
  4 jackals (D:11)
  20 kobolds
  13 quokkas
  A frilled lizard (D:2)
  21 rats
  6 fungi
  2 plants (Lair:6)
780 creatures vanquished.

Vanquished Creatures (collateral kills)
  A catoblepas (Lair:6)
  A death yak (Lair:6)
  Urug (Orc:1)
  Sonja (Lair:1)
  3 oklob plants
  Maurice (D:12)
  A black mamba (Lair:1)
  2 blink frogs (Lair:1)
  Prince Ribbit (Lair:1)
  A yak (Lair:5)
  A wyvern (Lair:5)
  A water moccasin (Lair:5)
  A crocodile (Lair:4)
  3 big kobolds (D:12)
  A plant (Lair:6)
20 creatures vanquished.

Vanquished Creatures (others)
  A reaper (IceCv)
  2 vampire mosquitoes (Swamp:1)
  2 humans (Swamp:1)
  An insubstantial wisp (Swamp:1)
  A swamp drake (Lair:2)
  6 white imps (IceCv)
  An ufetubus (IceCv)
  10 fungi
  2 plants (Lair:6)
26 creatures vanquished.

Grand Total: 826 creatures vanquished

Notes
Turn   | Place    | Note
-------+----------+-------------------------------------------
     0 | D:1      | sankara the Hill Orc Fighter began the quest for the Orb.
     0 | D:1      | Reached XP level 1. HP: 19/19 MP: 1/1
    32 | D:1      | Reached skill level 3 in Axes
   162 | D:1      | Reached XP level 2. HP: 24/26 MP: 2/2
   311 | D:1      | Reached skill level 4 in Axes
   789 | D:2      | Reached XP level 3. HP: 31/31 MP: 3/3
   926 | D:2      | Reached skill level 5 in Axes
  1379 | D:2      | Reached XP level 4. HP: 34/39 MP: 4/4
  1906 | D:3      | Reached skill level 6 in Axes
  1972 | D:3      | Found a stormy altar of Qazlal.
  2309 | D:3      | Reached XP level 5. HP: 43/45 MP: 5/5
  2545 | D:4      | Reached skill level 7 in Axes
  2836 | D:4      | Reached skill level 8 in Axes
  2836 | D:4      | Reached XP level 6. HP: 50/51 MP: 6/6
  3128 | D:4      | Found a staircase to the Ecumenical Temple.
  3133 | Temple   | Entered the Ecumenical Temple
  3204 | Temple   | Became a worshipper of Makhleb the Destroyer
  3663 | D:5      | Entered Level 5 of the Dungeon
  3781 | D:5      | Reached skill level 9 in Axes
  3812 | D:5      | Reached XP level 7. HP: 45/57 MP: 7/7
  3862 | D:5      | Reached skill level 10 in Axes
  4026 | D:5      | Found a snail-covered altar of Cheibriados.
  4849 | D:6      | Reached skill level 11 in Axes
  4918 | D:6      | Found an opulent altar of Gozag.
  4926 | D:6      | Reached XP level 8. HP: 53/64 MP: 8/8
  4993 | D:6      | Reached skill level 12 in Axes
  5162 | D:6      | Reached * piety under Makhleb
  5224 | D:6      | Noticed Pikel
  5380 | D:6      | HP: 15/64 [Pikel/whip of electrocution (9)]
  5458 | D:6      | Killed Pikel
  5458 | D:6      | Reached skill level 13 in Axes
  5684 | D:6      | Reached skill level 14 in Axes
  5684 | D:6      | Reached XP level 9. HP: 67/70 MP: 9/9
  5846 | D:6      | Reached skill level 4 in Fighting
  6095 | D:7      | Reached skill level 4 in Armour
  6095 | D:7      | Reached skill level 4 in Shields
  6380 | D:7      | Reached skill level 5 in Fighting
  6483 | D:7      | Reached ** piety under Makhleb
  6497 | D:7      | Found a runed door.
  6513 | D:7      | Found a runed door.
  6780 | D:7      | Reached skill level 7 in Fighting
  6780 | D:7      | Reached skill level 15 in Axes
  6780 | D:7      | Reached skill level 8 in Armour
  6780 | D:7      | Reached skill level 3 in Dodging
  6780 | D:7      | Reached skill level 8 in Shields
  6780 | D:7      | Reached XP level 10. HP: 86/86 MP: 10/10
  6781 | D:7      | Reached skill level 9 in Fighting
  6781 | D:7      | Reached skill level 16 in Axes
  6781 | D:7      | Reached skill level 9 in Armour
  6781 | D:7      | Reached skill level 9 in Shields
  6781 | D:7      | Reached XP level 11. HP: 97/97 MP: 11/11
  7404 | D:8      | Reached *** piety under Makhleb
  7923 | D:9      | Noticed a two-headed ogre
  7931 | D:9      | Killed a two-headed ogre
  7931 | D:9      | Reached skill level 1 in Invocations
  7950 | D:9      | Noticed a two-headed ogre
  7958 | D:9      | Killed a two-headed ogre
  7958 | D:9      | Reached skill level 10 in Shields
  7958 | D:9      | Reached skill level 2 in Invocations
  7958 | D:9      | Reached XP level 12. HP: 86/106 MP: 13/13
  8090 | D:9      | Found a shadowy altar of Dithmenos.
  8227 | D:9      | Found a basalt altar of Yredelemnul.
  8278 | D:9      | Found a bloodstained altar of Trog.
  8454 | D:9      | Found a shattered altar of Ashenzari.
  8633 | D:10     | Entered Level 10 of the Dungeon
  8655 | D:10     | Reached skill level 3 in Invocations
  8696 | D:10     | Reached skill level 10 in Fighting
  8734 | D:10     | Reached **** piety under Makhleb
  8877 | D:10     | Reached skill level 10 in Armour
  9245 | D:11     | Noticed a two-headed ogre
  9255 | D:11     | Killed a two-headed ogre
  9255 | D:11     | Reached skill level 4 in Invocations
  9304 | D:11     | Noticed a two-headed ogre
  9315 | D:11     | Killed a two-headed ogre
  9350 | D:11     | Reached skill level 5 in Invocations
  9482 | D:11     | Found a staircase to the Lair.
  9555 | D:11     | Found a staircase to the Orcish Mines.
  9555 | D:11     | Found Dutoif Mesko's Weapon Shop.
  9701 | D:11     | Reached skill level 11 in Shields
  9708 | D:11     | Reached skill level 11 in Fighting
 10125 | D:11     | Reached ***** piety under Makhleb
 10501 | Lair:1   | Entered Level 1 of the Lair of Beasts
 10501 | Lair:1   | Noticed Prince Ribbit
 10516 | Lair:1   | Reached skill level 11 in Armour
 10534 | Lair:1   | Killed Prince Ribbit
 10534 | Lair:1   | Reached XP level 13. HP: 116/116 MP: 16/16
 10585 | Lair:1   | Noticed Sonja
 10596 | Lair:1   | Killed Sonja
 10662 | Lair:1   | Noticed Gastronok
 10695 | Lair:1   | Killed Gastronok
 11238 | Lair:2   | Reached skill level 12 in Fighting
 11265 | Lair:2   | Reached skill level 12 in Shields
 11370 | Lair:2   | Found a staircase to the Snake Pit.
 11559 | Lair:2   | Found a staircase to the Swamp.
 11864 | Lair:2   | Reached skill level 12 in Armour
 12328 | Lair:3   | Found a frozen archway.
 12360 | IceCv    | Entered an ice cave
 12663 | IceCv    | HP: 29/119 [ice statue] (10)]
 12672 | IceCv    | HP: 6/119 [something (19)]
 12677 | IceCv    | HP: 2/119 [something (18)]
 12930 | IceCv    | Killed a reaper
 13008 | IceCv    | HP: 24/119 [ice devil (9)]
 13013 | IceCv    | HP: 9/119 [something (9)]
 13022 | IceCv    | HP: 9/119 [ice devil (5)]
 13022 | IceCv    | HP: 4/119 [ice devil (5)]
 13027 | IceCv    | HP: 10/119 [ice devil (5)]
 13027 | IceCv    | HP: 4/119 [ice devil (6)]
 13042 | IceCv    | HP: 29/119 [something (5)]
 13227 | IceCv    | Reached skill level 4 in Dodging
 13381 | Lair:3   | Got a dazzling leather armour
 13392 | Lair:3   | Identified the cursed +0 leather armour of Theory {Dex+2} (You found it on level 3 of the Lair of Beasts)
 13461 | Lair:3   | Got a steaming copper amulet
 13485 | Lair:3   | Identified the amulet of Wiah {+Rage Dex+3} (You found it on level 3 of the Lair of Beasts)
 13656 | Lair:3   | HP: 22/119 [spriggan rider/spear (14)]
 13666 | Lair:3   | HP: 19/119 [five-headed hydra[a boggart] (9)]
 13669 | Lair:3   | HP: 8/119 [five-headed hydra[a boggart] (11)]
 13716 | Lair:3   | HP: 20/119 [spriggan rider/spear (1)]
 13902 | Lair:3   | Reached skill level 13 in Fighting
 14003 | Lair:3   | Reached XP level 14. HP: 119/129 MP: 17/17
 15242 | Lair:5   | Noticed Rupert
 15253 | Lair:5   | Noticed Snorg
 15274 | Lair:5   | Paralysed by Rupert for 4 turns
 15296 | Lair:5   | Killed Rupert
 15296 | Lair:5   | Reached skill level 5 in Dodging
 15296 | Lair:5   | Reached skill level 13 in Shields
 15440 | Lair:5   | HP: 14/129 [catoblepas (28)]
 15455 | Lair:5   | Found a staircase to the Slime Pits.
 15806 | Lair:5   | Killed Snorg
 15979 | Lair:6   | Entered Level 6 of the Lair of Beasts
 16068 | Lair:6   | Reached skill level 13 in Armour
 16570 | Lair:6   | Reached skill level 6 in Dodging
 16657 | Lair:6   | Noticed Nattefrost's ghost (journeyman FoFi)
 16707 | Lair:6   | Killed Nattefrost's ghost
 16707 | Lair:6   | Reached skill level 14 in Fighting
 16989 | Lair:6   | Reached XP level 15. HP: 106/138 MP: 18/18
 17247 | Lair:6   | Reached skill level 14 in Shields
 17663 | D:12     | Noticed Maurice
 17681 | D:12     | Killed Maurice
 17980 | D:12     | Reached skill level 7 in Dodging
 18113 | D:12     | Noticed Josephine
 18127 | D:12     | Killed Josephine
 18163 | D:12     | Noticed Harold
 18174 | D:12     | Killed Harold
 18185 | D:12     | Reached skill level 14 in Armour
 18310 | D:12     | Reached ****** piety under Makhleb
 18563 | Orc:1    | Entered Level 1 of the Orcish Mines
 18620 | Orc:1    | Found a shimmering altar of Xom.
 18802 | Orc:1    | Noticed Urug
 18815 | Orc:1    | Killed Urug
 19106 | Orc:2    | Entered Level 2 of the Orcish Mines
 19117 | Orc:2    | Found a roughly hewn altar of Beogh.
 19128 | Orc:2    | Found Vaor's Antique Armour Shop.
 19410 | Orc:2    | Found Qexaf's General Store.
 19429 | Orc:2    | Reached skill level 15 in Fighting
 19447 | Orc:2    | Noticed an orc warlord
 19465 | Orc:2    | Killed an orc warlord
 19476 | Orc:2    | Found Qumoptipi's Book Shoppe.
 19495 | Orc:2    | Paralysed by an orc sorcerer for 2 turns
 19601 | Orc:2    | Noticed zero's ghost (journeyman SpEn)
 20234 | Orc:2    | Killed zero's ghost
 20340 | Orc:2    | Gained mutation: You occasionally shout uncontrollably at your foes. [a neqoxec]
 20355 | Orc:2    | Gained mutation: You are weak. (Str -2) [a neqoxec]
 20440 | Orc:2    | Found Fuexteal's Antique Weapon Boutique.
 20483 | Orc:2    | Found a staircase to the Elven Halls.
 20699 | Orc:2    | Bought a potion of experience for 600 gold pieces
 20699 | Orc:2    | Reached skill level 15 in Shields
 20699 | Orc:2    | Reached XP level 16. HP: 149/149 MP: 19/19
 20722 | Orc:2    | Bought a warped scale mail for 324 gold pieces
 20722 | Orc:2    | Identified the +1 scale mail "Kituddarr" {+Fly Regen+ Str+4} (You bought it in a shop on level 2 of the Orcish Mines)
 20745 | Orc:2    | Bought a scroll of identify for 24 gold pieces
 20852 | Lair:1   | Upgraded the game from 0.22-a0-355-g201945f to 0.22-a0-358-g7563fe7
 20896 | D:13     | Found a gate to the Vaults.
 20896 | D:13     | Noticed Nessos
 20949 | D:13     | Reached skill level 15 in Armour
 20950 | D:13     | Reached skill level 17 in Axes
 20965 | D:13     | Killed Nessos
 21208 | D:13     | Reached XP level 17. HP: 155/155 MP: 20/20
 21361 | D:13     | You fall through a shaft for 2 floors!
 21361 | D:15     | Entered Level 15 of the Dungeon
 22060 | D:14     | Reached skill level 8 in Dodging
 22102 | D:14     | Found Hugigg's Food Shop.
 22706 | D:15     | Reached skill level 16 in Fighting
 22914 | D:15     | Found a staircase to the Depths.
 23163 | D:15     | Identified a scroll of acquirement
 23475 | Swamp:1  | Entered Level 1 of the Swamp
 23500 | Lair:2   | Reached skill level 18 in Axes
 23596 | Lair:2   | HP: 37/158 [spiny frog[a spriggan druid] (4)]
 23598 | Lair:2   | HP: 16/158 [alligator (5)]
 23603 | Lair:2   | HP: 13/158 [poisoned by a spiny frog]
 23608 | Lair:2   | HP: 13/158 [poisoned by a spiny frog]
 23614 | Lair:2   | HP: 14/158 [poisoned by a spiny frog]
 23622 | Lair:2   | HP: 18/158 [poisoned by a spiny frog]
 23630 | Lair:2   | HP: 22/158 [poisoned by a spiny frog]
 23978 | Lair:2   | Reached skill level 9 in Dodging
 23984 | Swamp:1  | Noticed Kirke
 24249 | Lair:2   | Killed Kirke
 24322 | Swamp:1  | Noticed Nikola
 24338 | Swamp:1  | HP: 34/160 [Nikola/chain lightning (30)]
 24339 | Swamp:1  | HP: 16/160 [poisoned by a green very ugly thing]
 24341 | Swamp:1  | HP: 2/160 [poisoned by a green very ugly thing]
 24341 | Swamp:1  | Killed from afar by Nikola

Vault maps used:
D:1:      lightli_arrival_flooded_house, serial_bayou_lagoon_a
D:2:      first_ration
D:3:      nicolae_qazlal_eye_of_the_storm, serial_glass, glass_columns_a,
          glass_columns_b, due_unseen_surprise, feat_on_display,
          item_on_display_a, feat_on_display
D:4:      temple_doors_cd
D:5:      basic_altar
D:6:      kennysheep_little_box, uniq_pikel
D:7:      lemuel_insect_pit, nicolae_benzene_ring
D:8:      lemuel_ratsnest
D:9:      trog_eyes_of_draining, lemuel_crystal_altar,
          lemuel_zombie_altar_yredelemnul,
          nicolae_dithmenos_through_a_glass_darkly
D:11:     minmay_imperfect_grid, lair_entry_dummy, orc_david_3
D:12:     hangedman_ranch, eino_jars, uniq_josephine, uniq_maurice, uniq_harold
D:13:     david_vaults_3, uniq_nessos
D:14:     cheibrodos_fzero, minivault_25, serial_shops, shop, special_room
D:15:     grunt_enter_depths_magical_seal, serial_co_window_serial,
          co_window_paths_b, co_window_of_opportunity_a, co_window_paths_a,
          co_window_cross_1, co_window_of_opportunity_a, co_window_corner_a,
          co_window_paths_b, co_window_paths_b, co_window_paths_b,
          co_window_paths_c, co_window_unsneaky_path_c, co_window_broadway_b,
          hangedman_abyss_or_decor_clamps, nicolae_water_bricks
Temple:   eino_temple_scatter_basement
Lair:1:   infiniplex_staircase_pool, grunt_megastairs_3, uniq_gastronok,
          uniq_prince_ribbit2, uniq_sonja
Lair:2:   minmay_swamp_entry_swarm, dummy_snake_entry, st_stairs_6
Lair:3:   kb_forest_paths, portal_ice_cave_entry_imps,
          nicolae_quartered_pool_super
Lair:4:   lemuel_old_faithful
Lair:5:   minmay_slime_entry_oklob_open, uniq_snorg, uniq_rupert
Lair:6:   evilmike_catoblepas_cave, minivault_23, minmay_lair_oklob_chamber
Swamp:1:  nicolae_swamp_feature_on_the_river_bank, swamp_pool1,
          nicolae_swamp_treefoil, grunt_hermit_hut, uniq_kirke, uniq_nikola
Orc:1:    basic_altar, uniq_urug
Orc:2:    grunt_orc_gardens, grunt_orc_garden, grunt_orc_garden,
          grunt_orc_garden, grunt_orc_garden, basic_altar
IceCv:    ice_cave_small_demon

Skill      XL: |  1  2  3  4  5  6  7  8  9 10 11 12 13 14 15 16 17 |
---------------+----------------------------------------------------+-----
Axes           | 3 4 5 6 8 9 11 14 15 16 17 18 | 18.0
Fighting       | 7 9 11 13 14 15 16 | 16.7
Armour         | 8 9 11 12 13 14 15 | 15.0
Shields        | 8 9 10 11 12 13 15 | 15.4
Dodging        | 3 4 6 7 9 |  9.3
Invocations    | 2 5 |  5.1

Action                   |  1- 3 |  4- 6 |  7- 9 | 10-12 | 13-15 | 16-18 || total
-------------------------+-------+-------+-------+-------+-------+-------++-------
Melee: War axe           |   115 |   149 |   265 |   631 |  1312 |       ||  2472
       Whip              |       |       |       |       |    15 |    28 ||    43
       Broad axe         |       |       |       |       |   197 |   561 ||   758
       Unarmed           |       |       |       |       |       |     2 ||     2
Invok: Minor Destruction |       |       |       |    12 |    19 |     3 ||    34
       Lesser Servant of |       |       |       |     1 |    20 |       ||    21
       Major Destruction |       |       |       |       |       |     2 ||     2
       Greater Servant o |       |       |       |       |       |     1 ||     1
  Use: Scroll            |       |       |     8 |     6 |     8 |    10 ||    32
       Potion            |       |       |     1 |     1 |     5 |     1 ||     8
 Stab: Invisible         |       |       |       |       |     9 |       ||     9
       Distracted        |       |       |       |       |     5 |       ||     5
       Sleeping          |       |       |       |       |     1 |       ||     1
       Confused          |       |       |       |       |       |     1 ||     1
  Eat: Chunk             |     2 |     7 |    19 |     5 |    30 |     9 ||    72
       Ration            |       |       |       |       |     1 |     1 ||     2
Armor: Scale mail        |    73 |    12 |       |       |       |       ||    85
       Plate armour      |       |    91 |   138 |   233 |    61 |       ||   523
       Ring mail         |       |       |       |       |   398 |       ||   398
       Chain mail        |       |       |       |       |     6 |   333 ||   339
Dodge: Dodged            |    36 |    29 |    33 |   130 |   486 |   320 ||  1034
Block: Shield            |    71 |    89 |   101 |   314 |   756 |   445 ||  1776
       Buckler           |       |       |       |       |    19 |       ||    19

Table legend:
 A = Spawn XP
 B = Non-spawn XP
 C = Spawn XP percentage of total XP
 D = Spawn monster count
 E = Non-spawn monster count
 F = Spawn count percentage of total count
 G = Total turns spent on level
                    A         B        C        D         E        F      G
               +---------+---------+-------+---------+---------+-------+---------
         Total |       0 |  170353 |   0.0 |       0 |     792 |   0.0 | 24341
               +---------+---------+-------+---------+---------+-------+---------
           D:1 |       0 |      26 |   0.0 |       0 |      12 |   0.0 |   658
           D:2 |       0 |      59 |   0.0 |       0 |      25 |   0.0 |   911
           D:3 |       0 |      90 |   0.0 |       0 |      15 |   0.0 |   903
           D:4 |       0 |     178 |   0.0 |       0 |      13 |   0.0 |  1084
           D:5 |       0 |     654 |   0.0 |       0 |      19 |   0.0 |  1124
           D:6 |       0 |    1602 |   0.0 |       0 |      14 |   0.0 |  1114
           D:7 |       0 |    1563 |   0.0 |       0 |      40 |   0.0 |  1033
           D:8 |       0 |    1608 |   0.0 |       0 |      50 |   0.0 |   884
           D:9 |       0 |    2711 |   0.0 |       0 |      16 |   0.0 |   735
          D:10 |       0 |    2530 |   0.0 |       0 |      30 |   0.0 |   612
          D:11 |       0 |    8618 |   0.0 |       0 |      58 |   0.0 |  1441
          D:12 |       0 |   17017 |   0.0 |       0 |      64 |   0.0 |  1134
          D:13 |       0 |   13423 |   0.0 |       0 |      43 |   0.0 |   811
          D:14 |       0 |   14068 |   0.0 |       0 |      58 |   0.0 |   694
          D:15 |       0 |   12774 |   0.0 |       0 |      33 |   0.0 |   944
        Lair:1 |       0 |    5630 |   0.0 |       0 |      15 |   0.0 |   820
        Lair:2 |       0 |   20235 |   0.0 |       0 |      49 |   0.0 |  1831
        Lair:3 |       0 |    7658 |   0.0 |       0 |      44 |   0.0 |   995
        Lair:4 |       0 |    3405 |   0.0 |       0 |      16 |   0.0 |   788
        Lair:5 |       0 |    7434 |   0.0 |       0 |      18 |   0.0 |   986
        Lair:6 |       0 |   26523 |   0.0 |       0 |      64 |   0.0 |  1396
       Swamp:1 |       0 |    4971 |   0.0 |       0 |      18 |   0.0 |   105
         Orc:1 |       0 |    2037 |   0.0 |       0 |      18 |   0.0 |  1193
         Orc:2 |       0 |   12132 |   0.0 |       0 |      37 |   0.0 |   972
         IceCv |       0 |    3407 |   0.0 |       0 |      23 |   0.0 |   986
               +---------+---------+-------+---------+---------+-------+---------

Vault maps used:
D:1:      lightli_arrival_flooded_house, serial_bayou_lagoon_a
D:2:      first_ration
D:3:      nicolae_qazlal_eye_of_the_storm, serial_glass, glass_columns_a,
          glass_columns_b, due_unseen_surprise, feat_on_display,
          item_on_display_a, feat_on_display
D:4:      temple_doors_cd
D:5:      basic_altar
D:6:      kennysheep_little_box, uniq_pikel
D:7:      lemuel_insect_pit, nicolae_benzene_ring
D:8:      lemuel_ratsnest
D:9:      trog_eyes_of_draining, lemuel_crystal_altar,
          lemuel_zombie_altar_yredelemnul,
          nicolae_dithmenos_through_a_glass_darkly
D:11:     minmay_imperfect_grid, lair_entry_dummy, orc_david_3
D:12:     hangedman_ranch, eino_jars, uniq_josephine, uniq_maurice, uniq_harold
D:13:     david_vaults_3, uniq_nessos
D:14:     cheibrodos_fzero, minivault_25, serial_shops, shop, special_room
D:15:     grunt_enter_depths_magical_seal, serial_co_window_serial,
          co_window_paths_b, co_window_of_opportunity_a, co_window_paths_a,
          co_window_cross_1, co_window_of_opportunity_a, co_window_corner_a,
          co_window_paths_b, co_window_paths_b, co_window_paths_b,
          co_window_paths_c, co_window_unsneaky_path_c, co_window_broadway_b,
          hangedman_abyss_or_decor_clamps, nicolae_water_bricks
Temple:   eino_temple_scatter_basement
Lair:1:   infiniplex_staircase_pool, grunt_megastairs_3, uniq_gastronok,
          uniq_prince_ribbit2, uniq_sonja
Lair:2:   minmay_swamp_entry_swarm, dummy_snake_entry, st_stairs_6
Lair:3:   kb_forest_paths, portal_ice_cave_entry_imps,
          nicolae_quartered_pool_super
Lair:4:   lemuel_old_faithful
Lair:5:   minmay_slime_entry_oklob_open, uniq_snorg, uniq_rupert
Lair:6:   evilmike_catoblepas_cave, minivault_23, minmay_lair_oklob_chamber
Swamp:1:  nicolae_swamp_feature_on_the_river_bank, swamp_pool1,
          nicolae_swamp_treefoil, grunt_hermit_hut, uniq_kirke, uniq_nikola
Orc:1:    basic_altar, uniq_urug
Orc:2:    grunt_orc_gardens, grunt_orc_garden, grunt_orc_garden,
          grunt_orc_garden, grunt_orc_garden, basic_altar
IceCv:    ice_cave_small_demon

Table legend:
 A = Turns spent in this place as a percentage of turns spent in the entire game.
 B = Non-inter-level travel turns spent in this place as a percentage of non-inter-level travel turns spent in the entire game.
 C = Inter-level travel turns spent in this place as a percentage of turns spent in this place.
 D = Turns resting spent in this place as a percentage of non-inter-level travel turns spent in this place.
 E = Turns spent auto-exploring this place as a percentage of non-inter-level travel turns spent in this place.
 F = Non-inter-level travel turns spent in this place divided by the number of levels of this place that you've seen.
                   A       B       C       D       E      F
               +-------+-------+-------+-------+-------+----------------------
         Total | 100.0 | 100.0 |   4.8 |  12.6 |  58.1 | 891.0
       Dungeon |  57.9 |  58.5 |   3.8 |   9.1 |  65.5 | 902.9
        Temple |   0.8 |   0.7 |  10.2 |   0.0 |  92.3 | 168.0
          Lair |  28.0 |  27.5 |   6.7 |   9.3 |  56.7 | 1060.0
         Swamp |   0.4 |   0.5 |   0.0 |   0.0 |   0.0 | 105.0
  Orcish Mines |   8.9 |   8.7 |   7.4 |  33.2 |  37.0 | 1002.0
      Ice Cave |   4.1 |   4.3 |   0.0 |  44.0 |   8.5 | 986.0
               +-------+-------+-------+-------+-------+----------------------

Table legend:
 A = Kills in this place as a percentage of kills in entire the game.
 B = Kills by you in this place as a percentage of kills by you in the entire game.
 C = Kills by friends in this place as a percentage of kills by friends in the entire game.
 D = Other kills in this place as a percentage of other kills in the entire game.
 E = Experience gained in this place as a percentage of experience gained in the entire game.
 F = Experience gained in this place divided by the number of levels of this place that you have seen.
                   A       B       C       D       E      F
               +-------+-------+-------+-------+-------+----------------------
         Total | 100.0 | 100.0 | 100.0 | 100.0 | 100.0 | 6552.0
       Dungeon |  61.9 |  63.1 |  21.1 |   0.0 |  45.2 | 5128.1
          Lair |  26.0 |  24.8 |  73.7 |  33.3 |  41.6 | 11814.2
         Swamp |   2.3 |   2.1 |   0.0 |  66.7 |   2.9 | 4971.0
  Orcish Mines |   6.9 |   7.0 |   5.3 |   0.0 |   8.3 | 7084.5
      Ice Cave |   2.9 |   3.0 |   0.0 |   0.0 |   2.0 | 3407.0
               +-------+-------+-------+-------+-------+----------------------
